 Dungeon Crawl Stone Soup version 0.18.1-1-g2f07953 (webtiles) character file.

635740 kspaans the Axe Maniac (level 27, -2/273 HPs)
             Began as a Minotaur Berserker on May 18, 2016.
             Was a High Priest of Trog.
             Splashed by an acid blob's acid (13 damage)
             ... on level 2 of the Pits of Slime on May 21, 2016.
             The game lasted 11:08:51 (91616 turns).

kspaans the Axe Maniac (Minotaur Berserker)        Turns: 91616, Time: 11:08:52

Health: -2/273     AC: 18    Str: 16 (27) XL:     27
Magic:  0/32       EV: 12    Int:  6      God:    Trog [*****.]
Gold:   5707       SH:  0    Dex: 22      Spells: 0 memorised, 26 levels left

rFire  + + +     SeeInvis +     K - +8 battleaxe of Symp {flame, rElec rC+ Dex+4}
rCold  + + .     Gourm    .     p - +0 crystal plate armour
rNeg   + + +     Faith    .     (shield currently unavailable)
rPois  +         Spirit   +     k - +1 hat {MR+}
rElec  +         Dismiss  .     q - +0 cloak {rC+}
rCorr  .         Reflect  .     s - +2 pair of gloves {archery}
SustAt .         Harm     .     S - +2 pair of boots
MR     +++++                    L - amulet "Niabbera" {Spirit rF+ rN+ SInv Stlth-}
Stlth  ..........               M - ring "Usugas" {rElec rPois rF- rN+ Int+5}
                                X - ring of Fiwer {rPois rF+++ rN+ Int-3 Stlth-}

@: corroded, very slightly contaminated, regenerating, studying Long Blades,
almost entirely resistant to hostile enchantments, extremely unstealthy
A: retaliatory headbutt, horns 2, blurry vision 1, screaming 1
a: Berserk, Trog's Hand, Brothers in Arms, Burn Spellbooks, Renounce Religion
}: 3/15 runes: decaying, serpentine, golden


You were on level 2 of the Pits of Slime.
You worshipped Trog.
Trog was extremely pleased with you.
You were not hungry.

You visited 12 branches of the dungeon, and saw 54 of its levels.
You visited the Abyss 5 times.
You visited 1 bazaar.
You also visited: Labyrinth and Ice Cave.

You collected 9987 gold pieces.
You spent 4280 gold pieces at shops.

Inventory:

Hand Weapons
 a - a +9 executioner's axe of chaos
 K - the +8 battleaxe of Symp (weapon) {flame, rElec rC+ Dex+4}
   (Trog gifted it to you on level 2 of the Abyss)

   It has been specially enchanted to burn those struck by it, causing extra
   injury to most foes and up to half again as much damage against particularly
   susceptible opponents.
   Big, fiery blades are also staple armaments of hydra-hunters.
   It affects your dexterity (+4).
   It protects you from cold.
   It insulates you from electricity.
 Z - a +6 vampiric battleaxe
Armour
 k - a +1 hat of magic resistance (worn)
 p - a +0 crystal plate armour (worn)
 q - a +0 cloak of cold resistance (worn)
 s - a +2 pair of gloves of archery (worn)
 S - a +2 pair of boots (worn)
Jewellery
 i - the amulet "Ahul" {Spirit rPois MR+ Int+2 Dex+3}
   (You found it on level 4 of the Swamp)

   [amulet of guardian spirit]

   It causes incoming damage to be split between your health and magic.
   It affects your intelligence (+2).
   It affects your dexterity (+3).
   It protects you from poison.
   It affects your resistance to hostile enchantments.
 t - the ring "Xuma" {*Corrode rC+ Int-3 Dex+2}
   (You found it on level 8 of the Lair of Beasts)

   [ring of intelligence]

   It affects your intelligence (-3).
   It affects your dexterity (+2).
   It protects you from cold.
   It may corrode you when you take damage.
 w - the ring "Mecyuc" {rF+ rC+ Str+6 Dex+3}
   (You found it on level 3 of the Tomb of the Ancients)

   [ring of protection from cold]

   It affects your strength (+6).
   It affects your dexterity (+3).
   It protects you from fire.
   It protects you from cold.
 L - the amulet "Niabbera" (around neck) {Spirit rF+ rN+ SInv Stlth-}
   (You found it in a labyrinth)

   [amulet of guardian spirit]

   It causes incoming damage to be split between your health and magic.
   It protects you from fire.
   It protects you from negative energy.
   It lets you see invisible.
   It makes you less stealthy.
 M - the ring "Usugas" (right hand) {rElec rPois rF- rN+ Int+5}
   (You found it on level 3 of the Elven Halls)

   [ring of positive energy]

   It affects your intelligence (+5).
   It makes you vulnerable to fire.
   It insulates you from electricity.
   It protects you from poison.
   It protects you from negative energy.
 U - the ring of Tauxougu {rN+ Int+4 Dex+2}
   (You found it on level 1 of the Lair of Beasts)

   [ring of positive energy]

   It affects your intelligence (+4).
   It affects your dexterity (+2).
   It protects you from negative energy.
 X - the ring of Fiwer (left hand) {rPois rF+++ rN+ Int-3 Stlth-}
   (You found it on level 3 of the Depths)

   [ring of loudness]

   It affects your intelligence (-3).
   It renders you almost immune to fire.
   It protects you from poison.
   It protects you from negative energy.
   It makes you less stealthy.
Wands
 h - a wand of iceblast (3/15)
 r - a wand of confusion (14/48)
 z - a wand of digging (12/24)
 F - a wand of lightning (13/15)
 H - a wand of flame (42/48)
 W - a wand of teleportation (0/9)
Scrolls
 b - 2 scrolls of recharging
 j - 5 scrolls of noise
 l - 8 scrolls of identify
 m - 6 scrolls of fog
 I - a scroll of summoning
 N - 13 scrolls of remove curse
 Q - 2 scrolls of brand weapon
 V - 4 scrolls of enchant weapon
 Y - a scroll of teleportation
Potions
 e - 5 potions of haste
 v - 2 potions of might
 J - a potion of flight
 P - 2 potions of invisibility
Books
 o - a manual of Long Blades
Miscellaneous
 f - a plain deck of summoning {drawn: 2}
 n - a plain deck of defence {the Elixir}
 A - a plain deck of defence {the Helm}
 C - an ornate deck of summoning {drawn: 5}
 D - a plain deck of wonders {Wild Magic}
 R - a plain deck of changes {the Potion}
 T - a figurine of a ziggurat
Comestibles
 c - 6 bread rations
 u - 9 slices of pizza
 x - 10 beef jerkies
 E - 26 fruits
 G - 8 meat rations


   Skills:
 O Level 27 Fighting
 * Level 3.6 Long Blades
 O Level 27 Axes
   Level 0.2(18.7) Polearms
 O Level 27 Armour
 * Level 23.8 Dodging
 - Level 1.0 Stealth
 * Level 13.7 Evocations


You had 26 spell levels left.
You didn't know any spells.

Dungeon Overview and Level Annotations

Branches:
Dungeon (15/15)            Temple (1/1) D:7            Lair (8/8) D:11
  Swamp (4/4) Lair:5        Snake (4/4) Lair:5        Slime (2/6) Lair:7
    Orc (2/2) D:12            Elf (3/3) Orc:2        Vaults (4/5) D:13
  Crypt (3/3) Vaults:3       Tomb (3/3) Crypt:3      Depths (5/5) D:15
    Zot (0/5) Depths:5

Altars:
Cheibriados
Elyvilon
Kikubaaqudgha
Makhleb
Nemelex Xobeh
Okawaru
Pakellas
Sif Muna
Trog
Vehumet
Xom
The Shining One

Shops:
D:10 !   Orc:2 [(=*   Elf:1 }   Snake:1 *   Snake:2 [*[   Snake:3 [}((
Vaults:1 :   Depths:5 =

Portals:
Hell: Depths:1 Depths:2 Depths:3 Depths:4 Depths:5
Abyss: Depths:2 Depths:3 Depths:4
Pandemonium: Depths:3
Ziggurat: Depths:2
Trove: Vaults:3 (give 2 scrolls of acquirement)


Innate Abilities, Weirdness & Mutations

You reflexively headbutt those who attack you in melee.
You have a pair of horns on your head.
Scrolls take you a little longer to read.
You occasionally shout uncontrollably at your foes.


Message History

The acid blob spits acid at you. The splash of acid hits you!
* * * LOW HITPOINT WARNING * * *
The acid burns!
* * * LOW HITPOINT WARNING * * *
Drink which item? (? for menu, Esc to quit)
Okay, then.
Press: ? - help, v - describe, . - travel The floor.
Read which item? (? for menu, Esc to quit)
Really read with blurry vision while enemies are nearby?
Uppercase [Y]es or [N]o only, please.
Really read with blurry vision while enemies are nearby?
You begin reading the scroll.
You continue reading the scroll.
Blink to where?
Press: ? - help, Dir - move target cursor
As you read the scroll of blinking, it crumbles to dust.
The acid blob spits acid at you. The splash of acid hits you!
The acid corrodes you!
The acid burns!
You die...

#........##
#.........#
##........## ##
##.......###
##.##.........##
#.......ยง......##
#...............#
##.....##......##
##.@.<.........##
#........J......#
##.....#.......##
....#...J.......#
......#...........#
#.#.........J.....##
# ...............##
##.#.............##
#####.......>....#


You could see 2 acid blobs and a slime creature.

Vanquished Creatures
  Khufu (Crypt:2)
  3 ancient liches
  Mennas (Crypt:2)
  Boris (Vaults:4)
  Sojobo (Vaults:2)
  31 greater mummies
  Vashnia (Snake:3)
  Norris (Vaults:3)
  2 bone dragons
  Xtahua (Crypt:2)
  Jory (Tomb:3)
  Jorgrun (Swamp:3)
  5 liches
  A titan (Depths:3)
  5 deep elf master archers (Elf:3)
  Asterion (Elf:3)
  A deep elf blademaster (Elf:2)
  3 tentacled starspawn (Abyss:2)
  9 sphinxes
  3 tengu reavers
  4 ancient champions
  Kirke (Elf:1)
  A shadow dragon (shapeshifter) (Depths:3)
  3 acid blobs
  Agnes (Elf:2)
  A storm dragon (Depths:3)
  8 greater nagas
  A shadow dragon (Depths:5)
  2 azure jellies
  3 revenants
  8 fire giants
  11 deep elf sorcerers
  Donald (Vaults:2)
  2 balrugs (Abyss:2)
  A juggernaut zombie (Crypt:2)
  A frost giant (Depths:4)
  Aizul (Elf:1)
  8 ghouls
  2 deep elf elementalists (Elf:3)
  A curse skull (Crypt:3)
  An orc warlord (Depths:1)
  10 vault wardens
  A caustic shrike zombie (Depths:2)
  Louise (Snake:3)
  12 stone giants
  16 ironheart preservers
  2 reapers
  6 war gargoyles
  A starcursed mass (Abyss:2)
  26 very ugly things
  6 vampire knights
  4 deep elf demonologists (Elf:3)
  10 deep elf annihilators
  A mottled draconian (Depths:5)
  2 black draconians (Depths:5)
  A yellow draconian (Depths:5)
  2 draconian callers (Depths:5)
  The ghost of Demise the Ripper, a journeyman FeMo of Gozag (Snake:4)
  2 white draconians (Depths:5)
  A salamander stormcaller (Depths:3)
  8 bennus
  17 dire elephants (Depths:4)
  A blizzard demon (Abyss:2)
  24 mummy priests
  11 deep elf death magi
  A minotaur (Lab)
  6 eidola
  19 crystal guardians (Depths:3)
  6 ettins
  2 fire dragons
  9 jiangshi
  6 great orbs of eyes
  Snorg (Orc:1)
  4 vault guards
  13 deep elf high priests (Elf:3)
  11 yaktaur captains
  A quicksilver dragon zombie (Tomb:1)
  6 entropy weavers
  Fannar (Orc:1)
  2 ice dragons (shapeshifter)
  An entropy weaver (shapeshifter) (Depths:3)
  7 ice dragons
  16 naga warriors
  Harold (Orc:2)
  29 hydras
  A rakshasa (Vaults:1)
  2 catoblepae
  Erolcha (D:11)
  A spriggan air mage (Depths:5)
  2 ghost crabs
  7 alligators
  7 centaur warriors
  34 dancing weapons
  12 anacondas
  4 deep troll shamans
  7 death knights
  2 vampire magi (Crypt:2)
  12 ogre magi
  4 deep troll earth magi
  A tengu warrior (Depths:1)
  2 shock serpents (shapeshifter)
  A hell hog (shapeshifter) (Depths:3)
  2 thrashing horrors (Abyss:2)
  8 death yaks
  Sonja (D:12)
  15 naga sharpshooters
  2 orc high priests (Orc:2)
  A sun demon (Abyss:2)
  9 hell knights (Crypt:3)
  Urug (D:10)
  7 shock serpents
  2 storm dragon zombies
  4 spriggan berserkers
  21 deep elf knights
  3 soul eaters
  Nergalle (Orc:1)
  23 skeletal warriors
  2 titan skeletons
  8 salamander mystics
  3 wretched stars (Abyss:2)
  3 iron trolls
  A death drake (shapeshifter) (Depths:3)
  64 death scarabs
  A shadow wraith (Crypt:2)
  11 swamp dragons
  A storm dragon skeleton (Crypt:3)
  9 unseen horrors
  2 wizards
  A tengu zombie (Depths:4)
  17 deep trolls
  A golden dragon zombie (Tomb:1)
  A shadow dragon zombie (Crypt:2)
  9 hill giants
  7 ironbrand convokers
  A ghost moth zombie (Tomb:3)
  11 giant orange brains
  A hill giant (shapeshifter) (Vaults:2)
  A shambling mangrove (Swamp:4)
  10 flayed ghosts
  4 obsidian statues (Depths:3)
  4 naga ritualists
  An anaconda skeleton (Crypt:3)
  15 deep elf archers
  Pikel (D:6)
  4 necromancers
  5 wolf spiders
  28 anubis guards
  A shadow dragon skeleton (Tomb:1)
  2 mana vipers (shapeshifter)
  10 harpies
  4 shining eyes
  23 phantasmal warriors
  7 orc sorcerers
  An iron dragon zombie (Crypt:3)
  A harpy (shapeshifter) (Depths:3)
  A tengu skeleton (Depths:4)
  12 orc knights
  50 ugly things
  67 deep elf magi
  10 salamanders
  8 cyclopes
  A fire giant zombie (Tomb:1)
  A manticore (D:12)
  An oklob plant (Lair:5)
  3 sixfirhies
  A hornet (shapeshifter) (Vaults:4)
  2 elephants
  12 mana vipers
  5 hornets
  A griffon (Lair:7)
  An iron dragon skeleton (Depths:2)
  4 salamanders (shapeshifter)
  A worldbinder (Abyss:2)
  A fire giant skeleton (Crypt:2)
  3 frost giant skeletons
  2 octopodes (shapeshifter)
  A black mamba (shapeshifter) (Elf:1)
  6 guardian serpents
  10 vault sentinels
  2 centaur zombies
  An elephant (shapeshifter) (Depths:3)
  2 orange demons
  Maurice (D:13)
  Psyche (D:9)
  An apocalypse crab (Abyss:2)
  An ice statue (IceCv)
  6 smoke demons
  A water nymph (Snake:2)
  2 molten gargoyles (Depths:3)
  21 spiny frogs
  13 naga magi
  44 black mambas
  6 centaur skeletons
  10 gargoyles
  12 freezing wraiths
  A tormentor (Abyss:2)
  A dire elephant skeleton (Tomb:1)
  An efreet (Abyss:2)
  42 yaktaurs
  A rime drake (shapeshifter) (Vaults:2)
  4 rime drakes
  A mottled draconian zombie (Crypt:1)
  6 anaconda simulacra (IceCv)
  A ghost moth simulacrum (Crypt:1)
  5 komodo dragons
  A tengu conjurer (Depths:2)
  2 ancient zymes (Abyss:2)
  52 guardian mummies
  A queen bee (shapeshifter) (Vaults:2)
  4 hellwings
  4 red devils
  An ice devil (IceCv)
  4 wind drakes (Depths:3)
  12 trolls
  2 trolls (shapeshifter)
  17 two-headed ogres
  2 polar bears
  A sphinx simulacrum (Vaults:3)
  A hydra skeleton (Crypt:1)
  A slime creature (shapeshifter) (Depths:3)
  15 ushabtiu
  A two-headed ogre (shapeshifter) (Abyss:2)
  3 boulder beetles
  38 blink frogs
  37 slime creatures
  8 bog bodies
  6 raiju (Abyss:2)
  A raiju (shapeshifter) (D:14)
  8 giant leeches
  An ice dragon zombie (Crypt:3)
  2 fire dragon zombies (Crypt:1)
  A minotaur skeleton (Lab)
  A frost giant simulacrum (Crypt:1)
  Sigmund (D:2)
  23 flying skulls
  18 redbacks
  The ghost of Demise the Magician, an amateur DEAE (D:4)
  4 spriggans
  An ettin skeleton (Crypt:3)
  3 ynoxinuls (Abyss:2)
  A spriggan (shapeshifter) (Vaults:4)
  10 air elementals
  3 tarantellas
  3 wyverns
  A tarantella (shapeshifter) (D:15)
  12 water elementals
  23 wraiths
  11 shadows
  Eustachio (D:5)
  4 fire bats (Lair:7)
  2 hogs
  8 hungry ghosts
  55 yaks
  6 fire elementals
  7 chaos spawn
  A steam dragon (Lair:8)
  3 basilisks
  8 hippogriffs
  2 hippogriffs (shapeshifter)
  24 vampire mosquitoes
  Menkaure (D:6)
  7 insubstantial wisps
  A putrid demonspawn zombie (Crypt:1)
  2 mottled dragons
  17 large abominations
  A naga (shapeshifter) (Depths:3)
  8 wargs
  A soldier ant (D:14)
  17 swamp worms
  3 harpy simulacra (IceCv)
  An iron troll simulacrum (IceCv)
  52 nagas
  4 hydra simulacra (IceCv)
  Edmund (D:6)
  A swamp worm (shapeshifter) (Depths:4)
  A soldier ant (shapeshifter) (Depths:2)
  16 water moccasins
  Duvessa (D:5)
  A giant eyeball (shapeshifter) (Snake:2)
  A giant eyeball (Depths:4)
  15 porcupines
  8 swamp drakes
  6 sky beasts
  3 eyes of draining
  5 phantoms
  11 ice beasts
  36 orc warriors
  4 small abominations
  A hornet simulacrum (D:14)
  4 black bears
  3 necrophages
  7 wasps
  4 slaves (D:6)
  An anubis guard zombie (Crypt:2)
  A boggart (shapeshifter) (Vaults:3)
  4 centaurs
  5 wolves (Lair:7)
  55 ogres
  A snapping turtle skeleton (Crypt:3)
  Blork the orc (D:5)
  2 big kobolds
  18 crocodiles
  35 giant frogs
  A draconian zombie (Crypt:1)
  2 gnoll sergeants
  An elf skeleton (Tomb:2)
  A komodo dragon skeleton (Crypt:1)
  Dowan (D:5)
  10 earth elementals
  7 scorpions
  15 killer bees
  A swamp dragon simulacrum (Tomb:1)
  A shapeshifter zombie (Crypt:1)
  2 wights
  A yak skeleton (Crypt:2)
  3 howler monkeys
  2 electric eels (Lair:8)
  2 giant frog zombies
  7 crimson imps
  8 hounds
  A quasit (Abyss:2)
  A draconian simulacrum (IceCv)
  16 jellies
  22 orc priests
  29 orc wizards
  A giant frog skeleton (D:10)
  4 iron imps (Abyss:2)
  Ijyb (D:3)
  11 iguanas
  Terence (D:3)
  14 worker ants
  7 hell rats
  3 troll simulacra (IceCv)
  2 polar bear simulacra (IceCv)
  2 wolf simulacra (IceCv)
  A boulder beetle simulacrum (Vaults:1)
  2 killer bee zombies
  6 sheep
  3 centaur simulacra (IceCv)
  An ogre skeleton (Tomb:3)
  3 hound zombies
  2 human simulacra
  5 hound skeletons
  53 mummies
  A worker ant zombie (Crypt:2)
  18 gnolls
  A howler monkey skeleton (D:4)
  18 adders
  3 naga simulacra (IceCv)
  5 ogre simulacra (IceCv)
  54 river rats
  A swamp drake zombie (Crypt:1)
  2 shadow imps
  A steam dragon skeleton (Crypt:2)
  7 white imps (IceCv)
  7 ufetubi (IceCv)
  An adder zombie (D:5)
  An adder skeleton (D:5)
  A sheep skeleton (Crypt:1)
  3 worms
  2 dart slugs (D:1)
  3 giant geckos
  87 orcs
  4 giant cockroaches
  10 goblins
  2 hobgoblins
  2 jackals (D:8)
  9 quokkas
  3 ball pythons
  8 bats
  A giant gecko zombie (D:7)
  6 giant newts
  14 kobolds
  An orc simulacrum (Crypt:1)
  A quokka skeleton (D:5)
  A quokka zombie (D:9)
  11 rats
  5 crawling corpses (Elf:3)
  12 fungi
  2 lurking horrors (Abyss:2)
  12 plants
  4 starspawn tentacles (Abyss:2)
  3 withered plants (Crypt:3)
2723 creatures vanquished.

Vanquished Creatures (collateral kills)
  A greater mummy (Tomb:3)
  An Ice Fiend (IceCv)
  A tengu reaver (Depths:5)
  An ancient champion (Tomb:3)
  A thorn hunter (Swamp:4)
  2 sphinxes (Tomb:1)
  A shadow dragon (Depths:5)
  2 greater nagas (Snake:4)
  The ghost of unimpressed the Fencer, a journeyman MiFi of Okawaru (Swamp:2)
  A vault warden (Vaults:1)
  An orc warlord (Orc:2)
  2 ironheart preservers
  A deep elf demonologist (Elf:1)
  2 deep elf annihilators
  A deep elf death mage (Elf:3)
  A yaktaur captain (Vaults:1)
  2 hydras (Swamp:2)
  3 naga warriors
  2 anacondas (Snake:4)
  A dancing weapon (Elf:2)
  An alligator (Swamp:4)
  4 naga sharpshooters
  A deep elf knight (Elf:2)
  An iron troll (Depths:2)
  5 swamp dragons
  2 death scarabs (Tomb:3)
  A deep elf archer (Vaults:1)
  A naga ritualist (Snake:4)
  An ironbrand convoker (Vaults:1)
  6 orc knights
  6 deep elf magi
  A mana viper (Snake:4)
  An anubis guard (Tomb:3)
  4 oklob plants
  A griffon (Vaults:2)
  3 salamanders
  6 ugly things
  2 guardian serpents (Snake:4)
  A centaur zombie (D:15)
  7 naga magi
  3 black mambas
  4 spiny frogs
  A komodo dragon (Swamp:2)
  3 yaktaurs (Vaults:1)
  A freezing wraith (IceCv)
  3 ice devils (IceCv)
  2 trolls
  5 two-headed ogres
  3 guardian mummies (Tomb:3)
  A raiju (Abyss:2)
  3 bog bodies
  2 slime creatures (Vaults:1)
  2 redbacks (Depths:5)
  A large abomination (Abyss:2)
  A death yak simulacrum (IceCv)
  13 nagas
  A swamp worm (Swamp:4)
  3 wargs
  A harpy simulacrum (IceCv)
  2 swamp drakes (Swamp:4)
  6 orc warriors
  6 ogres
  4 killer bees (D:11)
  3 wights (D:15)
  A jelly (D:11)
  5 orc priests
  4 orc wizards
  A polar bear simulacrum (IceCv)
  A centaur simulacrum (IceCv)
  A mummy (Tomb:3)
  A gnoll (D:9)
  9 orcs
180 creatures vanquished.

Vanquished Creatures (others)
  2 deep elf elementalists (Elf:3)
  A deep elf demonologist (Elf:3)
  A deep elf high priest (Elf:2)
  A deep elf mage (Elf:2)
  A centaur skeleton (D:14)
  An anaconda simulacrum (Tomb:2)
  2 guardian mummies (Tomb:2)
  A blink frog (Swamp:4)
  5 flying skulls (Tomb:3)
  An air elemental (Depths:3)
  A shadow (Crypt:3)
  2 humans (Elf:1)
  2 vampire mosquitoes (Swamp:3)
  A minotaur simulacrum (Tomb:2)
  A giant frog (D:7)
  A human simulacrum (D:14)
  3 mummies
  A river rat (Lair:8)
  11 ball lightnings (Depths:3)
  6 bushes (Abyss:2)
  11 demonic plants (Abyss:2)
  2 fire vortices (Snake:4)
  41 fungi
  6 lost souls
  35 plants
  2 starspawn tentacles (Abyss:2)
  37 starspawn tentacle segments (Abyss:2)
  15 withered plants (Crypt:3)
194 creatures vanquished.

Grand Total: 3097 creatures vanquished

Notes
Turn   | Place    | Note
--------------------------------------------------------------
     0 | D:1      | kspaans the Minotaur Berserker began the quest for the Orb.
     0 | D:1      | Reached XP level 1. HP: 19/19 MP: 0/0
   313 | D:1      | Reached XP level 2. HP: 27/27 MP: 1/1
   473 | D:1      | Found a glowing golden altar of the Shining One.
   854 | D:1      | Reached ** piety under Trog
   976 | D:2      | Reached XP level 3. HP: 33/33 MP: 2/2
  1769 | D:2      | Noticed Sigmund
  1776 | D:2      | Killed Sigmund
  1776 | D:2      | Reached skill level 5 in Fighting
  1776 | D:2      | Reached skill level 5 in Axes
  1776 | D:2      | Reached XP level 4. HP: 42/42 MP: 3/3
  1776 | D:2      | Reached XP level 5. HP: 48/48 MP: 4/4
  2523 | D:3      | Reached skill level 1 in Stealth
  2535 | D:3      | Found a bloodstained altar of Trog.
  2559 | D:4      | Noticed Demise's ghost (amateur DEAE)
  2864 | D:3      | Noticed Terence
  2865 | D:3      | Noticed Ijyb
  2876 | D:3      | Killed Terence
  2876 | D:3      | Reached XP level 6. HP: 56/56 MP: 5/5
  2880 | D:3      | Killed Ijyb
  3147 | D:5      | Entered Level 5 of the Dungeon
  3239 | D:4      | Killed Demise's ghost
  3239 | D:4      | Reached XP level 7. HP: 63/63 MP: 6/6
  3289 | D:4      | Found a deep blue altar of Sif Muna.
  3414 | D:4      | Found an iron altar of Okawaru.
  3572 | D:4      | Found a white marble altar of Elyvilon.
  3721 | D:5      | Noticed Dowan
  3722 | D:5      | Noticed Duvessa
  3738 | D:5      | Killed Duvessa
  3741 | D:5      | Killed Dowan
  3778 | D:6      | Found a shimmering altar of Xom.
  3778 | D:6      | Noticed Edmund
  3803 | D:5      | Noticed Eustachio
  3814 | D:5      | Killed Eustachio
  3814 | D:5      | Reached XP level 8. HP: 73/73 MP: 7/7
  3819 | D:5      | Reached skill level 5 in Armour
  4021 | D:5      | Reached *** piety under Trog
  4091 | D:5      | Reached skill level 1 in Evocations
  4438 | D:5      | Noticed Blork the orc
  4444 | D:5      | Killed Blork the orc
  4885 | D:6      | Noticed Pikel
  4925 | D:6      | Killed Pikel
  4925 | D:6      | Reached XP level 9. HP: 51/82 MP: 9/9
  5159 | D:6      | Killed Edmund
  5501 | D:6      | Noticed Menkaure
  5508 | D:6      | Killed Menkaure
  5508 | D:6      | Reached skill level 10 in Axes
  5513 | D:6      | Reached **** piety under Trog
  6052 | D:7      | Killed an unseen horror
  6932 | D:7      | Reached XP level 10. HP: 91/91 MP: 11/11
  7325 | D:7      | Found a staircase to the Ecumenical Temple.
  7334 | Temple   | Entered the Ecumenical Temple
  8135 | D:8      | Found a burning altar of Makhleb.
  8305 | D:8      | You fall through a shaft for 3 floors!
  8331 | D:10     | Entered Level 10 of the Dungeon
  8408 | D:10     | Noticed a hill giant
  8418 | D:10     | Killed a hill giant
  8418 | D:10     | Reached skill level 10 in Fighting
  8423 | D:9      | Noticed Psyche
  8474 | D:9      | Killed Psyche
  8915 | D:8      | Reached skill level 10 in Armour
  8978 | D:8      | Found an oddly glowing altar of Pakellas.
  9628 | D:9      | Reached ***** piety under Trog
  9998 | D:9      | Reached XP level 11. HP: 98/102 MP: 13/13
 10314 | D:10     | Noticed Urug
 10322 | D:10     | Killed Urug
 10693 | D:10     | Found Hiplanos's Distillery.
 10709 | D:10     | Bought a potion of resistance for 120 gold pieces
 10709 | D:10     | Bought a potion of invisibility for 96 gold pieces
 10709 | D:10     | Bought a potion of flight for 36 gold pieces
 10709 | D:10     | Bought a potion of curing for 36 gold pieces
 10709 | D:10     | Bought a potion of lignification for 36 gold pieces
 10709 | D:10     | Bought a potion of haste for 120 gold pieces
 11067 | D:10     | Killed an unseen horror
 11268 | D:10     | Received a gift from Trog
 12025 | D:10     | Reached skill level 5 in Evocations
 12073 | D:11     | Noticed a hill giant
 12133 | D:10     | Killed a hill giant
 12404 | D:11     | Found a staircase to the Lair.
 12406 | D:11     | Noticed a cyan ugly thing
 12415 | D:11     | Killed a cyan ugly thing
 12737 | D:11     | Noticed a white ugly thing
 12761 | D:11     | Killed a white ugly thing
 12767 | D:11     | Reached XP level 12. HP: 41/113 MP: 14/14
 13190 | D:11     | Noticed Erolcha
 13197 | D:11     | Killed Erolcha
 13402 | D:11     | Noticed a four-headed hydra
 13411 | D:11     | Killed a one-headed hydra
 14253 | D:12     | Found a staircase to the Orcish Mines.
 14315 | D:12     | Noticed an eight-headed hydra
 14322 | D:12     | Killed a three-headed hydra
 14674 | D:12     | Received a gift from Trog
 15303 | D:12     | Noticed Sonja
 15913 | D:12     | Killed Sonja
 16356 | Orc:1    | Entered Level 1 of the Orcish Mines
 16388 | Orc:1    | Noticed Nergalle
 16390 | Orc:1    | Noticed Fannar
 16392 | Orc:1    | Killed Nergalle
 16402 | Orc:1    | Killed Fannar
 16615 | Orc:2    | Entered Level 2 of the Orcish Mines
 16615 | Orc:2    | Found a staircase to the Elven Halls.
 16615 | Orc:2    | Found Efris's Jewellery Boutique.
 16615 | Orc:2    | Noticed an orc warlord
 16615 | Orc:2    | Noticed an orc high priest
 16773 | Orc:2    | Reached skill level 15 in Axes
 16776 | Orc:2    | Killed an orc high priest
 16776 | Orc:2    | Reached XP level 13. HP: 67/123 MP: 16/16
 16776 | Orc:2    | Reached skill level 5 in Dodging
 17010 | Orc:2    | Killed an orc warlord
 18353 | Orc:2    | Found Daptotiu's General Store.
 18591 | Orc:2    | Found Jacor's Antique Weapon Boutique.
 18736 | Orc:2    | Found Zezyo's Antique Armour Emporium.
 19151 | Orc:1    | Noticed Harold
 19158 | Orc:2    | Killed Harold
 19222 | Orc:2    | Received a gift from Trog
 19519 | Orc:1    | Noticed Snorg
 19529 | Orc:1    | Killed Snorg
 20024 | Orc:1    | HP: 5/125 [orc knight/bolt (9)]
 20858 | Orc:2    | Bought a shiny plate armour for 736 gold pieces
 21324 | D:13     | Found a gate to the Vaults.
 21675 | D:13     | Noticed Maurice
 21678 | D:13     | Killed Maurice
 22407 | D:14     | Reached XP level 14. HP: 89/133 MP: 6/18
 22411 | D:14     | Reached skill level 15 in Fighting
 22670 | D:15     | Entered Level 15 of the Dungeon
 24093 | D:15     | Reached skill level 15 in Armour
 24304 | D:15     | Found a staircase to the Depths.
 24806 | Lair:1   | Entered Level 1 of the Lair of Beasts
 24869 | Lair:1   | Received a gift from Trog
 25067 | Lair:1   | Got a glittering marble ring
 25200 | Lair:1   | Identified the ring of Tauxougu {rN+ Int+4 Dex+2} (You found it on level 1 of the Lair of Beasts)
 27979 | Lair:4   | Reached XP level 15. HP: 103/145 MP: 20/20
 28100 | Lair:4   | Reached ****** piety under Trog
 28234 | Lair:4   | Found a snail-covered altar of Cheibriados.
 28456 | Lair:5   | Found a labyrinth entrance.
 28462 | Lab      | Entered a labyrinth
 29376 | Lab      | Got a smoking diamond amulet
 29401 | Lab      | Identified the amulet "Niabbera" {Spirit rF+ rN+ SInv Stlth-} (You found it in a labyrinth)
 29586 | Lair:5   | Found a staircase to the Snake Pit.
 29722 | Lair:5   | You fall through a shaft for 2 floors!
 29875 | Lair:7   | Received a gift from Trog
 30331 | Lair:5   | Found a staircase to the Swamp.
 31300 | Lair:6   | Gained mutation: You have a pair of large horns on your head. [potion of beneficial mutation]
 31353 | Lair:6   | Gained mutation: Your flesh is heat resistant. [potion of mutation]
 31353 | Lair:6   | Gained mutation: You are agile. (Dex +2) [potion of mutation]
 31353 | Lair:6   | Gained mutation: You have very sharp teeth. [potion of mutation]
 31712 | Lair:7   | Found a staircase to the Slime Pits.
 32141 | Lair:8   | Entered Level 8 of the Lair of Beasts
 32303 | Lair:8   | Received a gift from Trog
 32719 | Lair:8   | Got a scorched bronze ring
 32721 | Lair:8   | Identified the cursed ring "Xuma" {*Corrode rC+ Int-3 Dex+2} (You found it on level 8 of the Lair of Beasts)
 33046 | Lair:8   | Identified a scroll of acquirement
 33171 | Swamp:1  | Entered Level 1 of the Swamp
 33192 | Swamp:1  | Reached XP level 16. HP: 156/156 MP: 21/21
 33958 | Swamp:1  | Received a gift from Trog
 34651 | Swamp:2  | Found a frozen archway.
 34679 | IceCv    | Entered an ice cave
 35584 | IceCv    | Noticed an Ice Fiend
 35612 | IceCv    | Killed an Ice Fiend
 36378 | Swamp:2  | Noticed unimpressed's ghost (journeyman MiFi)
 36391 | Swamp:2  | Killed unimpressed's ghost
 37929 | Swamp:4  | Entered Level 4 of the Swamp
 38118 | Swamp:3  | Noticed Jorgrun
 38139 | Swamp:3  | Killed Jorgrun
 38847 | Swamp:4  | Received a gift from Trog
 39872 | Swamp:4  | Got a warped emerald amulet
 39874 | Swamp:4  | Identified the amulet "Ahul" {Spirit rPois MR+ Int+2 Dex+3} (You found it on level 4 of the Swamp)
 40086 | Swamp:4  | Noticed a thorn hunter
 40560 | Swamp:4  | Killed a thorn hunter
 40560 | Swamp:4  | Reached XP level 17. HP: 166/166 MP: 22/22
 41231 | Swamp:4  | Got a decaying rune of Zot
 41241 | Swamp:4  | Identified a +0 pair of boots of running (You acquired it on level 4 of the Swamp)
 42088 | Orc:2    | Bought a scroll of holy word for 82 gold pieces
 42088 | Orc:2    | Bought a scroll of remove curse for 33 gold pieces
 42088 | Orc:2    | Bought a scroll of remove curse for 33 gold pieces
 42088 | Orc:2    | Bought a bread ration for 55 gold pieces
 42088 | Orc:2    | Bought a scroll of summoning for 104 gold pieces
 42296 | Vaults:1 | Entered Level 1 of the Vaults
 42347 | Vaults:1 | Received a gift from Trog
 42352 | Vaults:1 | Cast into level 2 of the Abyss (an ogre mage)
 42450 | Vaults:1 | Escaped the Abyss
 43170 | Vaults:1 | Received a gift from Trog
 44307 | Vaults:1 | Found Huriosur's Book Shoppe.
 44328 | Vaults:1 | Bought a manual of Dodging for 1324 gold pieces
 44588 | Vaults:2 | Reached XP level 18. HP: 178/178 MP: 17/23
 44935 | Vaults:2 | Found a sparkling altar of Nemelex Xobeh.
 45193 | Vaults:2 | Noticed Sojobo
 45204 | Vaults:2 | Killed Sojobo
 45365 | Vaults:2 | Noticed Donald
 45371 | Vaults:2 | Killed Donald
 45914 | Vaults:2 | Received a gift from Trog
 46262 | Snake:1  | Entered Level 1 of the Snake Pit
 46505 | Snake:1  | Found Suybb's General Store.
 46530 | Snake:1  | Bought a beef jerky for 21 gold pieces
 47399 | Snake:2  | Found Emnusan's Antique Armour Shop.
 47477 | Snake:2  | Found Upsir's General Store.
 47483 | Snake:2  | Bought a scroll of identify for 32 gold pieces
 47483 | Snake:2  | Bought a scroll of teleportation for 48 gold pieces
 47483 | Snake:2  | Bought a scroll of immolation for 56 gold pieces
 47570 | Snake:2  | Found Vonaesm Taeg's Antique Armour Shoppe.
 47963 | Snake:3  | Noticed Vashnia
 47968 | Snake:3  | Noticed Louise
 47998 | Snake:3  | HP: 5/180 [naga sharpshooter/bolt[Vashnia] (8)]
 47999 | Snake:3  | Found Jewekhlaeh's Gadget Shoppe.
 48404 | Snake:3  | Reached XP level 19. HP: 139/188 MP: 18/24
 48584 | Snake:3  | Found a radiant altar of Vehumet.
 48588 | Snake:3  | Killed Louise
 49879 | Snake:3  | Killed Vashnia
 49978 | Snake:3  | Bought a box of beasts for 400 gold pieces
 49978 | Snake:3  | Bought a plain deck of wonders for 280 gold pieces
 49999 | Snake:3  | Reached skill level 10 in Dodging
 50015 | Snake:3  | Found Vied's Weapon Emporium.
 50017 | Snake:3  | Found Zeskoado's Antique Weapon Shoppe.
 50064 | Snake:3  | Found Fane's Armour Shop.
 50318 | Snake:4  | Entered Level 4 of the Snake Pit
 50349 | Snake:4  | Received a gift from Trog
 50470 | Snake:4  | Noticed Demise's ghost (journeyman FeMo)
 50495 | Snake:4  | Killed Demise's ghost
 50938 | Snake:4  | Lost mutation: You are agile. (Dex +2) [potion of cure mutation]
 50938 | Snake:4  | Lost mutation: You have a pair of large horns on your head. [potion of cure mutation]
 50938 | Snake:4  | Lost mutation: Your flesh is heat resistant. [potion of cure mutation]
 50938 | Snake:4  | Lost mutation: You have very sharp teeth. [potion of cure mutation]
 51949 | Snake:4  | Received a gift from Trog
 52189 | Snake:4  | Received a gift from Trog
 52763 | Snake:4  | Got a serpentine rune of Zot
 53146 | Elf:1    | Entered Level 1 of the Elven Halls
 53186 | Elf:1    | Found Qyfuquoff's Gadget Shop.
 53274 | Elf:1    | Reached XP level 20. HP: 199/199 MP: 25/25
 53404 | Elf:1    | Found a deep blue altar of Sif Muna.
 53448 | Elf:1    | Noticed Aizul
 53464 | Elf:1    | Killed Aizul
 54033 | Elf:1    | Noticed Kirke
 54039 | Elf:1    | Killed Kirke
 54039 | Elf:1    | Received a gift from Trog
 54315 | Elf:1    | Bought an ornate deck of summoning for 300 gold pieces
 54786 | Elf:2    | Noticed Agnes
 54791 | Elf:2    | Killed Agnes
 54797 | Elf:2    | Found a huge runed gate.
 54800 | Elf:2    | Found a huge runed gate.
 54801 | Elf:2    | Found a huge runed gate.
 54802 | Elf:2    | Found a huge runed gate.
 54802 | Elf:2    | Found a huge runed gate.
 55244 | Elf:2    | Received a gift from Trog
 56144 | Elf:3    | Entered Level 3 of the Elven Halls
 56477 | Elf:3    | Found a huge runed gate.
 56477 | Elf:3    | Found a huge runed gate.
 56477 | Elf:3    | Found a huge runed gate.
 56479 | Elf:3    | Found a huge runed gate.
 56484 | Elf:3    | Found a huge runed gate.
 56488 | Elf:3    | Found a huge runed gate.
 56489 | Elf:3    | Found a huge runed gate.
 56498 | Elf:3    | Found a huge runed gate.
 56498 | Elf:3    | Found a huge runed gate.
 56498 | Elf:3    | Found a huge runed gate.
 56561 | Elf:3    | Found a huge runed gate.
 56561 | Elf:3    | Found a huge runed gate.
 56561 | Elf:3    | Found a huge runed gate.
 56562 | Elf:3    | Found a huge runed gate.
 56565 | Elf:3    | Found a huge runed gate.
 56565 | Elf:3    | Found a huge runed gate.
 56567 | Elf:3    | Found a huge runed gate.
 56568 | Elf:3    | Found a huge runed gate.
 56569 | Elf:3    | Found a huge runed gate.
 56591 | Elf:3    | Found a huge runed gate.
 56591 | Elf:3    | Found a huge runed gate.
 56592 | Elf:3    | Found a huge runed gate.
 56598 | Elf:3    | Found a huge runed gate.
 56598 | Elf:3    | Found a huge runed gate.
 56598 | Elf:3    | Found a huge runed gate.
 56712 | Elf:3    | Noticed a Tzitzimitl
 56726 | Elf:3    | Cast into level 2 of the Abyss (a deep elf sorcerer)
 56752 | Abyss:2  | Received a gift from Trog
 56755 | Abyss:2  | Got a transparent battleaxe {god gift}
 56773 | Abyss:2  | Identified the +8 battleaxe of Symp {flame, rElec rC+ Dex+4} (Trog gifted it to you on level 2 of the Abyss)
 57368 | Elf:3    | Escaped the Abyss
 57377 | Elf:3    | Noticed a Tzitzimitl
 57840 | Elf:3    | Reached XP level 21. HP: 133/210 MP: 18/26
 58624 | Elf:3    | Received a gift from Trog
 58707 | Elf:3    | Noticed Asterion
 58721 | Elf:3    | Killed Asterion
 58754 | Elf:3    | Got a wavering glass ring
 58756 | Elf:3    | Identified the ring "Usugas" {rElec rPois rF- rN+ Int+5} (You found it on level 3 of the Elven Halls)
 58837 | Elf:3    | Got a twisted arbalest
 58838 | Elf:3    | Identified the +1 arbalest of Tegumug {elec, rPois} (You found it on level 3 of the Elven Halls)
 59652 | Elf:3    | Cast into level 2 of the Abyss (a deep elf demonologist)
 59680 | Elf:3    | Escaped the Abyss
 59809 | Elf:3    | Cast into level 2 of the Abyss (a deep elf demonologist)
 59840 | Elf:3    | Escaped the Abyss
 60665 | Elf:3    | Reached skill level 27 in Axes
 60853 | Elf:3    | Received a gift from Trog
 61188 | Vaults:3 | Found a staircase to the Crypt.
 61479 | Vaults:3 | Found a portal to a secret trove of treasure.
 61633 | Vaults:3 | Noticed Norris
 61637 | Vaults:3 | Paralysed by Norris for 3 turns
 61645 | Vaults:3 | Killed Norris
 61784 | Vaults:3 | Received a gift from Trog
 62638 | Slime:1  | Entered Level 1 of the Pits of Slime
 62943 | Crypt:1  | Entered Level 1 of the Crypt
 63041 | Crypt:1  | Reached XP level 22. HP: 206/223 MP: 24/27
 63773 | Crypt:2  | Noticed Khufu
 63773 | Crypt:2  | Noticed a greater mummy
 63774 | Crypt:2  | Noticed a greater mummy
 63774 | Crypt:2  | Noticed a greater mummy
 63781 | Crypt:2  | Killed a greater mummy
 63786 | Crypt:2  | Killed a greater mummy
 65443 | Crypt:2  | Noticed Mennas
 65463 | Crypt:2  | Killed Mennas
 65621 | Crypt:2  | Noticed Xtahua
 65638 | Crypt:2  | Killed Khufu
 65642 | Crypt:2  | Killed a greater mummy
 65647 | Crypt:2  | Killed Xtahua
 66029 | Crypt:3  | Entered Level 3 of the Crypt
 66779 | Crypt:3  | Noticed an ancient lich
 66784 | Crypt:3  | Killed an ancient lich
 66982 | Crypt:3  | Cast into level 2 of the Abyss (hell knight)
 67076 | Abyss:2  | Reached XP level 23. HP: 160/238 MP: 23/28
 67242 | Abyss:2  | Reached skill level 15 in Dodging
 67370 | Abyss:2  | Received a gift from Trog
 67489 | Crypt:3  | Escaped the Abyss
 67613 | Crypt:3  | Reached skill level 27 in Fighting
 67772 | Crypt:3  | Found a staircase to the Tomb.
 67793 | Crypt:3  | Gained mutation: Your body sometimes deteriorates upon taking damage. [a cacodemon]
 67800 | Crypt:3  | Noticed an ancient lich
 67848 | Crypt:3  | Killed an ancient lich
 68549 | Tomb:1   | Entered Level 1 of the Tomb of the Ancients
 69152 | Tomb:1   | Noticed a greater mummy
 69166 | Tomb:1   | Noticed a greater mummy
 69701 | Tomb:1   | Killed a greater mummy
 69830 | Tomb:1   | Killed a greater mummy
 70427 | Tomb:2   | Noticed a greater mummy
 70428 | Tomb:2   | Noticed a greater mummy
 70428 | Tomb:2   | Noticed a greater mummy
 70429 | Tomb:2   | Noticed a greater mummy
 71120 | Tomb:1   | Killed a greater mummy
 71120 | Tomb:1   | Killed a greater mummy
 71126 | Tomb:1   | Killed a greater mummy
 71546 | Tomb:2   | Killed a greater mummy
 71556 | Tomb:2   | Reached XP level 24. HP: 143/246 MP: 17/28
 72358 | Tomb:1   | Noticed a greater mummy
 72369 | Tomb:1   | Noticed a greater mummy
 72760 | Tomb:1   | Killed a greater mummy
 72766 | Tomb:1   | Noticed a greater mummy
 72768 | Tomb:1   | Killed a greater mummy
 72777 | Tomb:1   | Killed a greater mummy
 72785 | Tomb:1   | Noticed a greater mummy
 72792 | Tomb:1   | Killed a greater mummy
 73263 | Tomb:1   | Noticed a greater mummy
 73274 | Tomb:1   | Killed a greater mummy
 73305 | Tomb:1   | Noticed a greater mummy
 73330 | Tomb:1   | Noticed a greater mummy
 73942 | Tomb:1   | Noticed a greater mummy
 73949 | Tomb:1   | Killed a greater mummy
 74000 | Tomb:1   | Noticed a greater mummy
 74011 | Tomb:1   | Killed a greater mummy
 74012 | Tomb:1   | Noticed a greater mummy
 74027 | Tomb:1   | Killed a greater mummy
 74109 | Tomb:1   | Noticed a greater mummy
 74172 | Tomb:1   | Killed a greater mummy
 74432 | Tomb:1   | Killed a greater mummy
 75008 | Tomb:1   | Killed a greater mummy
 75223 | Tomb:1   | Noticed a greater mummy
 75230 | Tomb:1   | Killed a greater mummy
 75397 | Tomb:1   | Noticed a greater mummy
 75411 | Tomb:1   | Killed a greater mummy
 75574 | Tomb:1   | Noticed a greater mummy
 75598 | Tomb:1   | Killed a greater mummy
 76032 | Tomb:1   | Noticed a greater mummy
 76044 | Tomb:1   | Killed a greater mummy
 76972 | Crypt:2  | Lost mutation: Your body sometimes deteriorates upon taking damage. [potion of cure mutation]
 77399 | Vaults:4 | Received a gift from Trog
 77825 | Vaults:4 | Reached skill level 10 in Evocations
 77928 | Vaults:4 | Reached XP level 25. HP: 253/253 MP: 29/29
 78159 | Vaults:4 | Found an ancient bone altar of Kikubaaqudgha.
 78413 | Vaults:4 | Received a gift from Trog
 78472 | Vaults:4 | Noticed Boris
 78484 | Vaults:4 | Killed Boris
 78717 | Depths:1 | Entered Level 1 of the Depths
 79031 | Depths:1 | Found a gateway to Hell.
 80010 | Depths:2 | Found a gateway to a bazaar.
 80030 | Bazaar   | Entered a bazaar
 80043 | Bazaar   | Found Echueg's Magic Scroll Emporium.
 80043 | Bazaar   | Found Pyasy's Food Emporium.
 80049 | Bazaar   | Bought a scroll of identify for 26 gold pieces
 80049 | Bazaar   | Bought a scroll of fog for 26 gold pieces
 80049 | Bazaar   | Bought a scroll of recharging for 123 gold pieces
 80049 | Bazaar   | Bought a scroll of identify for 26 gold pieces
 80049 | Bazaar   | Bought a scroll of fog for 26 gold pieces
 80061 | Bazaar   | Bought a meat ration for 35 gold pieces
 80061 | Bazaar   | Bought a bread ration for 35 gold pieces
 80061 | Bazaar   | Bought a bread ration for 35 gold pieces
 80076 | Bazaar   | Found Tijiet's Weapon Shoppe.
 80077 | Bazaar   | Found Ifijiulu's Antique Armour Shoppe.
 80166 | Depths:2 | Found a gateway to a ziggurat.
 80485 | Depths:2 | Got an encrusted demon blade {drain}
 80486 | Depths:2 | Identified the +5 demon blade "Tiular" {drain, MP+9 Int+2} (You took it off a salamander on level 2 of the Depths)
 80550 | Depths:2 | Found a one-way gate to the infinite horrors of the Abyss.
 80577 | Depths:2 | Received a gift from Trog
 80992 | Depths:3 | Reached skill level 27 in Armour
 82606 | Depths:3 | Found a one-way gate leading to the halls of Pandemonium.
 82699 | Depths:3 | Got a brightly glowing bone ring
 82706 | Depths:3 | Identified the ring of Fiwer {rPois rF+++ rN+ Int-3 Stlth-} (You found it on level 3 of the Depths)
 83234 | Depths:4 | Reached XP level 26. HP: 252/266 MP: 28/30
 83738 | Depths:4 | Received a gift from Trog
 83887 | Depths:5 | Entered Level 5 of the Depths
 84455 | Depths:5 | Found a gate to the Realm of Zot.
 85193 | Depths:5 | Found Batuq's Jewellery Shop.
 85214 | Depths:5 | Received a gift from Trog
 86288 | Tomb:3   | Entered Level 3 of the Tomb of the Ancients
 86308 | Tomb:3   | Noticed a greater mummy
 86718 | Tomb:3   | Noticed a greater mummy
 86721 | Tomb:3   | Noticed a greater mummy
 86721 | Tomb:3   | Killed a greater mummy
 86722 | Tomb:3   | Noticed a greater mummy
 87200 | Tomb:2   | Killed a greater mummy
 87487 | Tomb:3   | Killed a greater mummy
 87494 | Tomb:2   | Killed a greater mummy
 87715 | Tomb:3   | Reached XP level 27. HP: 130/267 MP: 16/31
 87894 | Tomb:3   | Noticed an ancient lich
 87902 | Tomb:3   | Killed an ancient lich
 88031 | Tomb:3   | Got an ancient tin ring
 88058 | Tomb:3   | Identified the ring "Mecyuc" {rF+ rC+ Str+6 Dex+3} (You found it on level 3 of the Tomb of the Ancients)
 88144 | Tomb:3   | Noticed a greater mummy
 88157 | Tomb:3   | Noticed a greater mummy
 88159 | Tomb:3   | Killed a greater mummy
 88226 | Tomb:3   | Killed a greater mummy
 88262 | Tomb:3   | Noticed a greater mummy
 88262 | Tomb:3   | Noticed Jory
 88265 | Tomb:3   | Noticed a greater mummy
 89012 | Tomb:3   | Killed a greater mummy
 89063 | Tomb:3   | Killed Jory
 89074 | Tomb:3   | Killed a greater mummy
 89535 | Tomb:3   | Got a golden rune of Zot
 90567 | Slime:1  | Gained mutation: You occasionally shout uncontrollably at your foes. [a shining eye]
 90579 | Slime:1  | Received a gift from Trog
 90587 | Slime:1  | Gained mutation: Scrolls take you a little longer to read. [a shining eye]
 90638 | Slime:1  | Reached skill level 1 in Long Blades
 91611 | Slime:2  | HP: 4/273 [acid (14)]
 91616 | Slime:2  | Splashed by an acid blob's acid

Skill      XL: |  1  2  3  4  5  6  7  8  9 10 11 12 13 14 15 16 17 18 19 20 21 22 23 24 25 26 27 |
---------------+----------------------------------------------------------------------------------+-----
Fighting       | 4 5 6 7 8 9 11 12 13 14 16 17 18 19 20 21 22 24 26 27 | 27.0
Axes           | 4 5 6 7 9 10 12 13 15 16 18 19 21 22 23 25 26 27 | 27.0
Armour         | 3 4 6 8 10 11 13 14 15 16 17 18 19 20 21 23 25 27 | 27.0
Dodging        | 3 4 5 6 7 9 11 12 14 16 17 19 22 23 | 23.8
Stealth        | 1 |  1.0
Evocations     | 2 3 4 5 6 7 8 9 10 11 13 | 13.7
Long Blades    | 3 |  3.6
Polearms       | |  0.2

Action                   |  1- 3 |  4- 6 |  7- 9 | 10-12 | 13-15 | 16-18 | 19-21 | 22-24 | 25-27 || total
-------------------------+-------+-------+-------+-------+-------+-------+-------+-------+-------++-------
Melee: Hand axe          |    63 |    96 |    97 |       |       |       |       |       |       ||   256
       Headbutt          |    11 |    14 |    63 |   152 |   212 |   297 |   412 |   405 |   438 ||  2004
       Battleaxe         |       |       |   185 |   552 |    86 |       |   866 |   115 |  1323 ||  3127
       Scythe            |       |       |       |    16 |    18 |    85 |       |       |       ||   119
       Executioner's axe |       |       |       |       |   804 |   946 |   389 |  1170 |       ||  3309
       Bite              |       |       |       |       |    13 |   188 |    34 |       |       ||   235
Invok: Berserk           |     1 |     3 |     6 |    10 |    18 |    13 |     6 |     8 |     3 ||    68
       Trog's Hand       |     1 |       |     1 |     3 |     9 |     8 |     5 |     6 |     8 ||    41
       Burn Spellbooks   |       |       |     1 |     2 |     6 |     2 |     4 |     7 |     6 ||    28
       Brothers in Arms  |       |       |       |     4 |     7 |    12 |     3 |     5 |     4 ||    35
Evoke: Wand              |       |       |       |    19 |    43 |    23 |     8 |    10 |     3 ||   106
       Box of beasts     |       |       |       |       |       |    14 |    14 |    11 |    11 ||    50
       Deck              |       |       |       |       |       |     5 |     4 |     1 |     2 ||    12
  Use: Scroll            |     1 |     2 |    10 |     7 |    32 |    25 |    16 |    22 |    17 ||   132
       Potion            |       |     4 |     3 |     9 |     8 |    14 |     6 |     9 |    15 ||    68
 Stab: Sleeping          |       |     2 |       |       |       |       |       |       |       ||     2
       Petrifying        |       |       |       |       |     2 |     2 |     5 |     4 |       ||    13
       Confused          |       |       |       |       |     1 |     1 |     1 |     3 |       ||     6
       Distracted        |       |       |       |       |       |     7 |     4 |       |       ||    11
       Paralysed         |       |       |       |       |       |     7 |     2 |    26 |       ||    35
       Petrified         |       |       |       |       |       |       |       |     1 |       ||     1
  Eat: Chunk             |     3 |     4 |    23 |    62 |    65 |     9 |       |     2 |     1 ||   169
       Beef jerky        |       |     2 |       |     2 |     4 |     4 |     1 |       |       ||    13
       Bread ration      |       |       |     2 |       |     1 |     8 |    10 |     4 |     6 ||    31
       Meat ration       |       |       |       |       |     1 |     2 |     2 |     7 |     3 ||    15
       Royal jelly       |       |       |       |       |       |     2 |       |     1 |     1 ||     4
       Fruit             |       |       |       |       |       |     2 |       |       |     3 ||     5
       Pizza             |       |       |       |       |       |     3 |       |     1 |     2 ||     6
Armor: Animal skin       |     8 |       |       |       |       |       |       |       |       ||     8
       Ring mail         |       |     5 |       |       |       |       |       |       |       ||     5
       Robe              |       |     3 |       |       |       |       |       |       |       ||     3
       Chain mail        |       |    14 |     6 |       |       |       |       |       |       ||    20
       Plate armour      |       |       |   207 |   452 |   675 |   858 |   578 |   734 |   581 ||  4085
       Crystal plate arm |       |       |       |       |       |       |       |       |   195 ||   195
Dodge: Dodged            |    47 |    52 |   117 |   280 |   437 |   669 |   748 |   894 |  1228 ||  4472
